 Dungeon Crawl Stone Soup version 0.18.1-51-gd549091e01 (webtiles) character file.

26148 magog001 the Blocker (level 12, -1/110 HPs)
             Began as a Minotaur Fighter on Apr 7, 2020.
             Was a High Priest of Nemelex Xobeh.
             Slain by a white very ugly thing (19 damage)
             ... on level 2 of the Abyss.
             The game lasted 01:41:46 (18480 turns).

magog001 the Blocker (Minotaur Fighter)            Turns: 18480, Time: 01:41:48

Health: -1/110     AC: 16    Str: 30    XL:     12   Next: 95%
Magic:  12/12      EV: 12    Int:  8    God:    Nemelex Xobeh [*****.]
Gold:   386        SH: 15    Dex: 10    Spells: 0 memorised, 11 levels left

rFire  . . .     SeeInvis .     L - +10 morningstar of Destiny {crush, *Confuse Str+3 Int+4}
rCold  . . .     Gourm    .     p - +0 chain mail
rNeg   . . .     Faith    +     c - +1 shield
rPois  .         Spirit   .     (helmet restricted)
rElec  .         Dismiss  .     (no cloak)
rCorr  .         Reflect  .     d - +2 pair of gloves
SustAt .         Harm     .     (no boots)
MR     .....                    l - amulet of faith
Stlth  ..........               (no ring)
                                C - ring of flight

@: not resistant to hostile enchantments, extremely unstealthy
A: retaliatory headbutt, horns 2
a: Triple Draw, Deal Four, Stack Five, Renounce Religion, Evoke Flight


You were on level 2 of the Abyss.
You worshipped Nemelex Xobeh.
Nemelex Xobeh was extremely pleased with you.
You were not hungry.

You visited 3 branches of the dungeon, and saw 15 of its levels.
You visited the Abyss 1 time.
You also visited: Trove.

You collected 1025 gold pieces.
You spent 639 gold pieces at shops.

Inventory:

Hand Weapons
 G - a +3 greatsling
 L - the +10 morningstar of Destiny (weapon) {crush, *Confuse Str+3 Int+4}
   (You found it in a treasure trove)

   It inflicts extra damage upon your enemies.
   It affects your strength (+3).
   It affects your intelligence (+4).
   It may confuse you when you take damage.
 N - a +2 greatsling of flaming
Missiles
 o - 6 tomahawks (quivered)
 v - 130 sling bullets
Armour
 c - a +1 shield (worn)
 d - a +2 pair of gloves (worn)
 p - a +0 chain mail (worn)
Jewellery
 l - an amulet of faith (around neck)
 C - a ring of flight (left hand)
Wands
 a - a wand of acid (7/15)
 w - a wand of flame (32/48)
 D - a wand of flame (22/48)
Scrolls
 h - 4 scrolls of identify
 j - a scroll of blinking
 x - 2 scrolls of remove curse
Potions
 e - 3 potions of curing
 m - a potion of ambrosia
 n - 2 potions of brilliance
 u - a potion of invisibility {unknown}
 I - a potion of cancellation
Miscellaneous
 b - a plain deck of destruction
 g - a plain deck of war {drawn: 1}
 i - a plain deck of destruction
 q - a plain deck of escape
 r - an ornate deck of wonders {drawn: 1}
 s - a box of beasts
 t - an ornate deck of destruction
 y - an ornate deck of war
 z - a plain deck of changes
 A - a plain deck of war
Comestibles
 f - a bread ration
 k - 7 meat rations


   Skills:
 * Level 11.3 Fighting
   Level 3.2(7.3) Axes
 * Level 10.3(10.5) Maces & Flails
 + Level 5.5 Slings
 * Level 12.5 Armour
 + Level 7.6 Dodging
 + Level 2.4 Stealth
 * Level 13.9 Shields
 + Level 1.3 Evocations


You had 11 spell levels left.
You didn't know any spells.

Dungeon Overview and Level Annotations

Branches:
Dungeon (12/15)            Temple (1/1) D:6            Lair (0/8) D:9
    Orc (2/2) D:11
    Elf: Orc:2

Altars:
Ashenzari
Cheibriados
Dithmenos
Elyvilon
Fedhas
Gozag
Kikubaaqudgha
Makhleb
Nemelex Xobeh
Okawaru
Qazlal
Ru
Sif Muna
Trog
Vehumet
Xom
Yredelemnul
Zin
The Shining One

Shops:
Orc:2 !}!


Innate Abilities, Weirdness & Mutations

You reflexively headbutt those who attack you in melee.
You have a pair of horns on your head.


Message History

The green ugly thing is almost dead.
You block the green ugly thing's attack.
The green very ugly thing basks in the mutagenic energy from its kin and changes!
You sock the green ugly thing!
You kill the green ugly thing!
The white very ugly thing trunk-slaps you.
The white very ugly thing freezes you!!
* * * LOW HITPOINT WARNING * * *
You barely miss the white very ugly thing.
The green ugly thing tentacle-slaps you but does no damage.
The white very ugly thing closely misses you.
You bludgeon the white very ugly thing!!
The white very ugly thing is moderately wounded.
The green ugly thing closely misses you.
You furiously retaliate!
You headbutt the green ugly thing!!
The white very ugly thing trunk-slaps you!
* * * LOW HITPOINT WARNING * * *
The white very ugly thing freezes you!!
You die...
Your body glows with a rainbow of weird colours and disappears.

... .##.. .. ≈≈#
......##......§.
.§.8...#..≈§. ..
.≈§....#..§# ...
§.≈........# ...
....8..'..≈# ..
..≈........# .
.≈.....uu..#
.###. #@##.# ##
#.# ... #......#
##.# ######## .
. .#


You could see a white very ugly thing and a green ugly thing.

Vanquished Creatures
  The ghost of PeterLawrence the Warrior, a journeyman MiFi of Okawaru (D:12)
  2 ogre magi (Orc:2)
  Josephine (D:12)
  A centaur warrior (D:10)
  An orc knight (Orc:1)
  7 hill giants
  Pikel (D:5)
  6 orc sorcerers (Orc:2)
  An ugly thing (Abyss:2)
  A cyclops (Orc:2)
  The ghost of mopl the Magician, a novice DESu of Sif Muna (D:7)
  Joseph (D:7)
  A centaur skeleton (D:12)
  A komodo dragon (D:9)
  4 trolls
  The ghost of magog001 the Shield-Bearer, an amateur MiFi (D:4)
  Grinder (D:4)
  4 two-headed ogres
  Eustachio (D:5)
  7 wraiths (D:12)
  A wyvern (D:9)
  A basilisk (D:12)
  10 yaks
  3 hippogriffs
  A hungry ghost (D:11)
  2 vampire mosquitoes (D:9)
  Menkaure (D:7)
  2 wargs (Orc:1)
  A soldier ant (D:11)
  A water moccasin (D:8)
  A wasp (D:9)
  4 sky beasts
  A black bear (D:9)
  2 eyes of draining
  7 phantoms
  A slave (D:5)
  7 orc warriors
  8 ogres
  4 necrophages
  6 centaurs
  2 big kobolds
  5 giant frogs
  2 wyvern zombies
  A gnoll sergeant (D:9)
  4 scorpions
  3 troll zombies (D:11)
  3 killer bees (D:11)
  3 howler monkeys
  8 wights
  2 crimson imps
  A centaur zombie (D:6)
  A wasp zombie (D:9)
  2 giant frog zombies
  11 orc priests
  2 giant frog skeletons
  5 hounds
  A jelly (D:7)
  2 iguanas
  12 worker ants
  30 orc wizards
  3 ogre zombies (D:11)
  2 hound skeletons
  5 worker ant zombies
  Robin (D:3)
  13 gnolls
  9 adders
  A howler monkey skeleton (D:8)
  3 river rats (D:9)
  4 shadow imps
  2 oozes
  2 dart slugs
  A giant gecko (D:4)
  50 orcs
  2 ball pythons
  8 giant cockroaches
  8 goblins
  15 hobgoblins
  4 jackals
  6 quokkas
  A ball python skeleton (D:4)
  16 bats
  6 giant newts
  4 goblin zombies (D:11)
  3 hobgoblin zombies (D:11)
  A jackal zombie (D:6)
  19 kobolds
  2 orc skeletons (D:11)
  10 orc zombies (D:11)
  A quokka zombie (D:5)
  15 rats
  A plant (D:6)
426 creatures vanquished.

Vanquished Creatures (collateral kills)
  An orc priest (D:7)
  2 orc wizards (D:7)
  2 orcs (D:7)
5 creatures vanquished.

Vanquished Creatures (others)
  A quokka (D:9)
  10 fungi (D:9)
  2 plants (D:9)
13 creatures vanquished.

Grand Total: 444 creatures vanquished

Notes
Turn   | Place    | Note
--------------------------------------------------------------
     0 | D:1      | magog001 the Minotaur Fighter began the quest for the Orb.
     0 | D:1      | Reached XP level 1. HP: 19/19 MP: 0/0
   334 | D:1      | Reached XP level 2. HP: 15/27 MP: 1/1
   984 | D:2      | Reached skill level 4 in Shields
  1076 | D:2      | Found a sacrificial altar of Ru.
  1076 | D:2      | Found an iron altar of Okawaru.
  1155 | D:2      | Found a faded altar to an unknown god.
  1206 | D:2      | Reached XP level 3. HP: 33/33 MP: 2/2
  1802 | D:2      | Found a burning altar of Makhleb.
  1804 | D:2      | Noticed a cacodemon
  1808 | D:2      | Noticed a smoke demon
  1808 | D:2      | Noticed a hellwing
  2176 | D:3      | Reached XP level 4. HP: 40/40 MP: 3/3
  2226 | D:3      | Noticed Robin
  2241 | D:3      | Killed Robin
  2384 | D:3      | Found a shimmering altar of Xom.
  2544 | D:3      | Reached XP level 5. HP: 37/47 MP: 4/4
  2571 | D:3      | Reached skill level 5 in Armour
  2572 | D:3      | Reached skill level 1 in Dodging
  2572 | D:3      | Reached skill level 5 in Shields
  3383 | D:4      | Noticed magog001's ghost (amateur MiFi)
  3932 | D:4      | Noticed Grinder
  3939 | D:4      | Paralysed by Grinder for 7 turns
  3951 | D:4      | Paralysed by Grinder for 4 turns
  3957 | D:4      | Killed Grinder
  3957 | D:4      | Reached skill level 5 in Fighting
  3957 | D:4      | Reached XP level 6. HP: 21/56 MP: 5/5
  4470 | D:4      | Reached XP level 7. HP: 55/61 MP: 6/6
  4503 | D:4      | Reached skill level 1 in Maces & Flails
  4511 | D:4      | Reached skill level 6 in Shields
  5363 | D:4      | Killed magog001's ghost
  5428 | D:4      | Reached XP level 8. HP: 60/70 MP: 7/7
  5798 | D:5      | Entered Level 5 of the Dungeon
  5798 | D:5      | Found a basalt altar of Yredelemnul.
  5810 | D:5      | Reached skill level 7 in Shields
  6210 | D:5      | Noticed Eustachio
  6236 | D:5      | Killed Eustachio
  6250 | D:5      | Noticed Pikel
  6270 | D:5      | Reached skill level 1 in Stealth
  6284 | D:5      | Killed Pikel
  6284 | D:5      | Reached skill level 5 in Dodging
  6284 | D:5      | Reached skill level 8 in Shields
  6284 | D:5      | Reached XP level 9. HP: 54/79 MP: 8/8
  6294 | D:5      | Found a glowing golden altar of the Shining One.
  6502 | D:6      | Found a sacrificial altar of Ru.
  6579 | D:6      | Found a staircase to the Ecumenical Temple.
  6640 | Temple   | Entered the Ecumenical Temple
  6669 | Temple   | Became a worshipper of Nemelex Xobeh the Trickster
  6727 | D:6      | Received a gift from Nemelex Xobeh
  7017 | D:6      | Reached skill level 9 in Shields
  7268 | D:6      | Found a bloodstained altar of Trog.
  7643 | D:7      | Reached * piety under Nemelex Xobeh
  7645 | D:7      | Noticed mopl's ghost (novice DESu)
  7662 | D:7      | Killed mopl's ghost
  7863 | D:7      | Noticed Menkaure
  7867 | D:7      | Killed Menkaure
  7965 | D:7      | Noticed Joseph
  7982 | D:7      | Killed Joseph
  7982 | D:7      | Reached skill level 10 in Shields
  8099 | D:7      | Received a gift from Nemelex Xobeh
  8102 | D:7      | Found an ancient bone altar of Kikubaaqudgha.
  8102 | D:7      | Found a blossoming altar of Fedhas.
  8809 | D:7      | Reached XP level 10. HP: 84/88 MP: 9/9
  8874 | D:7      | Reached ** piety under Nemelex Xobeh
 10054 | D:9      | Received a gift from Nemelex Xobeh
 10054 | D:9      | Found a white marble altar of Elyvilon.
 10086 | D:9      | Reached skill level 5 in Maces & Flails
 10383 | D:9      | Reached skill level 11 in Shields
 10713 | D:9      | Reached *** piety under Nemelex Xobeh
 10713 | D:9      | Received a gift from Nemelex Xobeh
 10992 | D:9      | Paralysed by a wasp for 1 turns
 11008 | D:9      | Reached skill level 10 in Armour
 11262 | D:9      | Found a staircase to the Lair.
 11542 | D:10     | Entered Level 10 of the Dungeon
 11602 | D:10     | Received a gift from Nemelex Xobeh
 11685 | D:10     | Reached skill level 1 in Slings
 11894 | D:10     | Noticed a centaur warrior
 11911 | D:10     | Killed a centaur warrior
 11911 | D:10     | Reached skill level 12 in Shields
 11911 | D:10     | Reached XP level 11. HP: 58/97 MP: 10/10
 12386 | D:10     | Gained mutation: You have a pair of large horns on your head. [potion of mutation]
 12386 | D:10     | Gained mutation: You are frail (-10% HP). [potion of mutation]
 12386 | D:10     | Gained mutation: You are dopey. (Int -2) [potion of mutation]
 12391 | D:10     | Lost mutation: You are dopey. (Int -2) [potion of cure mutation]
 12391 | D:10     | Lost mutation: You are frail (-10% HP). [potion of cure mutation]
 12391 | D:10     | Lost mutation: You have a pair of large horns on your head. [potion of cure mutation]
 12745 | D:10     | Received a gift from Nemelex Xobeh
 13027 | D:11     | Reached **** piety under Nemelex Xobeh
 13058 | D:11     | Found a staircase to the Orcish Mines.
 13320 | D:11     | Noticed a hill giant
 13330 | D:11     | Killed a hill giant
 13695 | D:11     | Reached skill level 1 in Evocations
 13936 | D:11     | Noticed a hill giant
 13949 | D:11     | Killed a hill giant
 14307 | D:11     | Noticed a hill giant
 14322 | D:11     | Killed a hill giant
 14337 | D:11     | Noticed a hill giant
 14349 | D:11     | Killed a hill giant
 14358 | D:11     | Noticed a hill giant
 14369 | D:11     | Killed a hill giant
 14715 | D:11     | Gained mutation: Potions and wands are less effective at restoring your health. [potion of mutation]
 14715 | D:11     | Gained mutation: Your muscles are strong. (Str +2) [potion of mutation]
 14715 | D:11     | Gained mutation: You are occasionally teleported next to monsters. [potion of mutation]
 14716 | D:11     | Lost mutation: Your muscles are strong. (Str +2) [potion of cure mutation]
 14716 | D:11     | Lost mutation: You are occasionally teleported next to monsters. [potion of cure mutation]
 14716 | D:11     | Lost mutation: Potions and wands are less effective at restoring your health. [potion of cure mutation]
 14790 | D:11     | Received a gift from Nemelex Xobeh
 14958 | D:11     | Reached skill level 5 in Slings
 15188 | D:12     | Reached skill level 10 in Fighting
 15219 | D:12     | Noticed Josephine
 15250 | D:12     | Killed Josephine
 15278 | D:12     | Reached XP level 12. HP: 20/106 MP: 11/11
 15333 | D:12     | Noticed PeterLawrence's ghost (journeyman MiFi)
 15969 | D:12     | Found a portal to a secret trove of treasure.
 16016 | D:12     | Reached skill level 13 in Shields
 16400 | D:12     | You paid a toll of a potion of experience to enter a treasure trove
 16401 | Trove    | Entered a treasure trove
 16420 | Trove    | Got a fine glaive
 16427 | Trove    | Got a twisted morningstar
 16455 | Trove    | Got a blackened dagger
 16475 | Trove    | Got a crude long sword
 16527 | D:12     | Identified the +4 glaive of Qaiz {speed, rF- Int+5} (You found it in a treasure trove)
 16533 | D:12     | Identified the +10 morningstar of Destiny {crush, *Confuse Str+3 Int+4} (You found it in a treasure trove)
 16538 | D:12     | Identified the +9 dagger of Prudence {pierce, rF+ Str+2 Dex+4} (You found it in a treasure trove)
 17100 | D:12     | Killed PeterLawrence's ghost
 17423 | Orc:1    | Entered Level 1 of the Orcish Mines
 17946 | Orc:2    | Entered Level 2 of the Orcish Mines
 18012 | Orc:2    | Received a gift from Nemelex Xobeh
 18202 | Orc:2    | Noticed an ogre mage
 18213 | Orc:2    | Killed an ogre mage
 18239 | Orc:2    | Found Jicuas's Distillery.
 18249 | Orc:2    | Reached ***** piety under Nemelex Xobeh
 18304 | Orc:2    | Bought a potion of curing for 33 gold pieces
 18304 | Orc:2    | Bought 2 potions of curing for 66 gold pieces
 18330 | Orc:2    | Found Couriy's Gadget Boutique.
 18348 | Orc:2    | Bought an ornate deck of wonders for 200 gold pieces
 18348 | Orc:2    | Bought a box of beasts for 200 gold pieces
 18348 | Orc:2    | Bought a plain deck of changes for 140 gold pieces
 18361 | Orc:2    | Found an ancient bone altar of Kikubaaqudgha.
 18361 | Orc:2    | Noticed an ogre mage
 18362 | Orc:2    | Drew Focus: Str increased to 27, Int decreased to 4
 18383 | Orc:2    | Killed an ogre mage
 18383 | Orc:2    | Reached skill level 10 in Maces & Flails
 18404 | Orc:2    | Found Teub's Distillery.
 18432 | Orc:2    | Noticed an ogre mage
 18442 | Orc:2    | Cast into level 2 of the Abyss (an ogre mage)
 18466 | Abyss:2  | Noticed a green very ugly thing
 18480 | Abyss:2  | Slain by a white very ugly thing

Skill      XL: |  1  2  3  4  5  6  7  8  9 10 11 12 |
---------------+-------------------------------------+-----
Fighting       | 4 5 7 8 9 10 11 | 11.3
Shields        | 4 5 6 8 10 12 13 | 13.9
Armour         | 4 5 6 7 9 10 11 12 | 12.5
Dodging        | 1 2 4 5 6 7 |  7.6
Axes           | 3 |  3.2
Maces & Flails | 1 3 4 6 7 10 | 10.3
Stealth        | 1 2 |  2.4
Slings         | 2 5 |  5.5
Evocations     | 1 |  1.3

Action                   |  1- 3 |  4- 6 |  7- 9 | 10-12 || total
-------------------------+-------+-------+-------+-------++-------
Melee: War axe           |    92 |   118 |       |       ||   210
       Headbutt          |    10 |    23 |    66 |   203 ||   302
       Mace              |       |    32 |   360 |   646 ||  1038
       Morningstar       |       |       |       |   175 ||   175
 Fire: Greatsling        |       |       |       |   262 ||   262
Evoke: Deck              |       |       |     6 |     2 ||     8
       Wand              |       |       |     3 |    10 ||    13
  Use: Potion            |       |     3 |     6 |    20 ||    29
       Scroll            |       |       |    11 |    17 ||    28
 Stab: Paralysed         |       |       |     2 |       ||     2
  Eat: Bread ration      |     1 |       |       |     4 ||     5
       Chunk             |       |     4 |     8 |    10 ||    22
       Beef jerky        |       |     1 |     2 |     1 ||     4
       Meat ration       |       |     1 |       |     1 ||     2
       Royal jelly       |       |       |       |     1 ||     1
       Pizza             |       |       |       |     1 ||     1
Armor: Scale mail        |    51 |    61 |    98 |       ||   210
       Chain mail        |       |       |    92 |   462 ||   554
Dodge: Dodged            |    22 |    58 |   139 |   384 ||   603
Block: Shield            |    59 |    81 |   230 |   730 ||  1100
